 Dungeon Crawl Stone Soup version 0.30.0-15-g856e2d3f33 (webtiles) character file.

Game seed: 6525777140514653430

258 CaptainMV the Magician (level 5, -6/37 HPs)
             Began as a Demonspawn Wanderer on May 19, 2023.
             Killed from afar by Dowan (17 damage)
             ... with a shard of ice
             ... on level 4 of the Dungeon.
             The game lasted 00:22:31 (1675 turns).

CaptainMV the Magician (Demonspawn Wanderer)        Turns: 1675, Time: 00:22:31

Health: -6/37      AC:  6    Str: 11    XL:     5   Next: 94%
Magic:  12/12      EV: 10    Int: 15    God:
Gold:   197        SH:  0    Dex: 14    Spells: 11/14 levels left

rFire   . . .        a - +2 dagger (venom)
rCold   . . .        (no shield)
rNeg    . . .        c - +0 ring mail
rPois   .            (helmet restricted)
rElec   .            (no cloak)
rCorr   .            e - +0 pair of gloves
SInv    .            (no boots)
Will    .....        f - amulet of reflection Stlth
                     (no ring)
HPRegen 0.26/turn    (no ring)
MPRegen 0.13/turn

%: reflection
@: confused, ambrosia-drunk, very slightly contaminated
A: antennae 1, demonic guardian 1, powered by death 1, demonic touch 1
a: no special abilities


You were on level 4 of the Dungeon.
You visited 1 branch of the dungeon, and saw 4 of its levels.

You collected 197 gold pieces.

Inventory:

Hand Weapons
 a - a +2 dagger of venom (weapon)
 n - a +1 dagger
Missiles
 d - 6 poisoned darts (quivered)
 l - a throwing net
Armour
 c - a +0 ring mail (worn)
 e - a +0 pair of gloves (worn)
Jewellery
 f - an amulet of reflection (around neck)
 k - a ring of resist corrosion
Wands
 i - a wand of quicksilver (13)
Scrolls
 b - 4 scrolls of fog
Potions
 g - a potion of berserk rage
 h - a potion of magic
 j - a potion of ambrosia
 m - 2 potions of lignification {unknown}
 o - a potion of resistance {unknown}
 p - a potion of cancellation {unknown}


   Skills:
 + Level 1.2 Fighting
 + Level 1.0 Short Blades
 + Level 3.2 Armour
 + Level 0.6 Dodging
 + Level 0.3 Stealth
 + Level 0.4 Shields
 + Level 5.2 Spellcasting
 + Level 2.3 Fire Magic
 + Level 2.2 Earth Magic


You had 11 spell levels left.
You knew the following spells:

 Your Spells              Type           Power      Damage    Failure   Level
a - Sandblast             Erth           20%        2d7       14%         1
b - Scorch                Fire           20%        2d6       22%         2

Your spell library contained the following spells:

 Spells                   Type           Power      Damage    Failure   Level
 Apportation              Tloc           6%         N/A       36%         1
 Kiss of Death            Conj/Necr      12%        2d6       36%         1
 Cigotuvi's Dreadful Rot  Necr/Pois/Air  6%         N/A       50%         2
 Searing Ray              Conj           6%         2d4       50%         2
 Stone Arrow              Conj/Erth      14%        3d7       56%         3
 Ignite Poison            Fire/Tmut/Pois 6%         N/A       63%         3
 Flame Wave               Conj/Fire      7%         2d5       92%         4
 Dispel Undead            Necr           3%         3d7       98%         4
 Death Channel            Necr           1%         N/A       100%        6
 Summon Cactus Giant      Summ           1%         N/A       100%        6


Dungeon Overview and Level Annotations

Branches:
Dungeon (4/15)
 Temple: D:4-7

Altars:
Fedhas
Qazlal

Annotations:
D:4 Dowan


Innate Abilities, Weirdness & Mutations

You have a pair of small antennae on your head.
A weak demonic guardian rushes to your aid.
You regenerate a little health from kills.
Your touch may inflict minor irresistible damage on your foes.


Message History

Dowan seems to find hidden reserves of power!
Dowan barely misses you.
Your shadow imp hits Dowan.
Your Fighting skill increases to level 1!
Your Short Blades skill increases to level 1!
Your Spellcasting skill increases to level 5!
Your Fire Magic skill increases to level 2!
You hit Dowan.
Dowan is poisoned.
Dowan is moderately wounded.
Dowan mumbles some strange words.
Dowan blinks!
You barely miss Dowan. Your touch misses Dowan.
Dowan is moderately wounded.
Dowan hits you with a +0 dagger.
* * * LOW HITPOINT WARNING * * *
Your shadow imp barely misses Dowan.
Unknown command.
You barely miss Dowan. Your touch misses Dowan.
Dowan is moderately wounded.
Dowan breathes, "And she was my only..."
Dowan hits you with a +0 dagger.
* * * LOW HITPOINT WARNING * * *
A demonic guardian appears!
Your shadow imp barely misses Dowan.
Dowan points at you and mumbles some strange words.
You block stone arrow... and reflect it back!
The stone arrow misses Dowan.
You closely miss Dowan. Your touch misses Dowan.
Dowan is moderately wounded.
You block Dowan's attack.
Your shadow imp hits Dowan.
You are confused.
You feel invigorated. Dowan hits you with a +0 dagger.
* * * LOW HITPOINT WARNING * * *
Your shadow imp hits Dowan.
Dowan hits you with a +0 dagger.
* * * LOW HITPOINT WARNING * * *
You bump into the rock wall.
Dowan hits you with a +0 dagger.
* * * LOW HITPOINT WARNING * * *
Your shadow imp misses Dowan.
You're too confused to move!
Dowan gestures at you while chanting. The shard of ice hits you!
You die...

.... #..# ..# #.# ##
#####.##### ..
##.........###.###.#
####..#######.........#
#.....#⌠...5#e.......##
#.###.#8....5@###.##.#
#.# #.#⌠....#)# .#
#.###.##+#+ #.# #
#.....# #.# #.##..# #.#
#.###.# #.# #.# #...
..# # #.# ####. ### ##
#.# #


You could see Dowan (fast, strong, poisoned, ally target), a friendly shadow imp
(summoned) and a friendly ufetubus (summoned).

Vanquished Creatures
  Duvessa (D:4)
  7 adders
  A gnoll (D:1)
  3 worms (D:2)
  3 dart slugs
  7 ball pythons
  6 bats
  4 endoplasms
  4 giant cockroaches
  10 goblins
  5 hobgoblins
  A jackal (D:1)
  4 kobolds
  3 quokkas
  5 frilled lizards
  5 rats
69 creatures vanquished.

Notes
Turn   | Place    | Note
-------+----------+-------------------------------------------
     0 | D:1      | CaptainMV the Demonspawn Wanderer began the quest for the
                  | Orb.
     0 | D:1      | CaptainMV set off with the following items: a +0 dagger, a
                  | scroll of fog, a +0 ring mail; and the following spells
                  | available to memorise: Sandblast, Apportation, Kiss of
                  | Death, Searing Ray, Stone Arrow, Ignite Poison.
     0 | D:1      | Reached XP level 1. HP: 13/13 MP: 5/5
     5 | D:1      | Learned a level 1 spell: Sandblast
   111 | D:1      | Gained mutation: A weak demonic guardian rushes to your
                  | aid. [demonic ancestry]
   111 | D:1      | Reached XP level 2. HP: 19/19 MP: 4/7
   347 | D:1      | Gained mutation: You regenerate a little health from kills.
                  | [demonic ancestry]
   347 | D:1      | Reached XP level 3. HP: 16/25 MP: 3/9
   352 | D:1      | Learned a level 2 spell: Scorch
   933 | D:2      | Discovered your monstrous ancestry.
   933 | D:2      | Gained mutation: Your touch may inflict minor irresistible
                  | damage on your foes. [demonic ancestry]
   933 | D:2      | Reached XP level 4. HP: 26/31 MP: 0/10
   934 | D:2      | Reached skill level 1 in Fire Magic
  1219 | D:3      | Gained mutation: You have a pair of small antennae on your
                  | head. [demonic ancestry]
  1219 | D:3      | Reached XP level 5. HP: 36/36 MP: 9/12
  1591 | D:4      | Found a blossoming altar of Fedhas.
  1606 | D:4      | Found a stormy altar of Qazlal.
  1657 | D:4      | Noticed Duvessa
  1657 | D:4      | Noticed Dowan
  1668 | D:4      | Killed Duvessa
  1669 | D:4      | Reached skill level 1 in Fighting
  1669 | D:4      | Reached skill level 1 in Short Blades
  1669 | D:4      | Reached skill level 5 in Spellcasting
  1675 | D:4      | Killed from afar by Dowan

Illustrated notes

Levels and vault maps discovered:
D:1:      amcnicky_arrival_gap_in_the_tavern_cellar, layout_loops_corners,
          serial_bayou_pond_b
D:2:      layout_loops_ring, minmay_snake_closets
D:3:      layout_loops_cross, old_standard_altar
D:4:      dreamdust_elfheim, layout_loops_ring, mainiacjoe_overflow_boulevard,
          mainiacjoe_overflow_catwalk, cheibrodos_worm_habitat,
          grunt_temple_overflow_forces_of_nature, uniq_duvessa, uniq_eustachio

Skill      XL: |  1  2  3  4  5 |
---------------+----------------+-----
Earth Magic    | 2 |  2.2
Fire Magic     | 1 2 |  2.3
Armour         | 3 |  3.2
Fighting       | 1 |  1.2
Short Blades   | 1 |  1.0
Spellcasting   | 5 |  5.2
Dodging        | |  0.6
Stealth        | |  0.3
Shields        | |  0.4

Action                     |  1- 3 |  4- 6 || total
---------------------------+-------+-------++-------
  Melee: Dagger            |    92 |    48 ||   140
         Punch             |     2 |       ||     2
         Touch             |       |     7 ||     7
   Cast: Sandblast         |    22 |       ||    22
         Scorch            |    14 |    26 ||    40
    Use: Scroll            |     2 |     8 ||    10
         Potion            |       |     1 ||     1
 Armour: Ring mail         |    54 |    16 ||    70
  Dodge: Dodged            |    61 |    27 ||    88
  Block: Other             |    24 |     7 ||    31
         Reflection        |       |     1 ||     1
